 Dungeon Crawl Stone Soup version 0.17.1-1-g73c8601 (webtiles) character file.

96 DEFE the Cutter (level 4, -2/27 HPs)
             Began as a Deep Elf Fighter on Dec 23, 2015.
             Slain by an adder (4 damage)
             ... on level 3 of the Dungeon.
             The game lasted 00:02:31 (2606 turns).

DEFE the Cutter (Deep Elf Fighter)                  Turns: 2606, Time: 00:02:31

Health: -2/27      AC:  9    Str: 13      XL:     4   Next: 41%
Magic:  6/6        EV:  3    Int: 11 (14) God:
Gold:   166        SH:  8    Dex: 14      Spells: 0 memorised, 3 levels left

rFire  . . .     SeeInvis .     a - +0 rapier
rCold  . . .     Clarity  .     n - +0 chain mail
rNeg   . . .     SustAt   .     c - +0 shield
rPois  +         Gourm    .     (no helmet)
rElec  .         Spirit   .     (no cloak)
rCorr  .         Warding  .     (no gloves)
rMut   .         Stasis   .     (no boots)
MR     .....                    (no amulet)
Stlth  ..........               (no ring)
                                q - ring of poison resistance

@: not resistant to hostile enchantments, extremely unstealthy
A: no striking features
a: no special abilities


You were on level 3 of the Dungeon.
You were hungry.

You visited 1 branch of the dungeon, and saw 3 of its levels.

You collected 166 gold pieces.

Inventory:

Hand Weapons
 a - a +0 rapier (weapon)
 m - a +0 dagger of chaos
Armour
 b - a +0 scale mail
 c - a +0 shield (worn)
 n - a +0 chain mail (worn)
Jewellery
 q - a ring of poison resistance (left hand)
Wands
 p - a wand of polymorph (13)
 s - a wand of frost (12)
Scrolls
 f - 3 scrolls of recharging {unknown}
 g - a scroll of immolation {unknown}
 i - 3 scrolls of identify {unknown}
 k - 2 scrolls of teleportation {unknown}
 r - a scroll of random uselessness {unknown}
 u - a scroll of blinking {unknown}
 x - 2 scrolls of magic mapping {unknown}
Potions
 d - a potion of might
 h - a potion of degeneration
 l - a potion of cure mutation {unknown}
 o - 2 potions of brilliance {unknown}
 t - a potion of ambrosia {unknown}
 v - a potion of curing
Books
 y - a book of Conjurations

   Spells                             Type                      Level
   a - Magic Dart                     Conjuration                  1
   b - Searing Ray                    Conjuration                  2
   c - Dazzling Spray                 Conjuration/Hexes            3
   d - Fulminant Prism                Conjuration/Hexes            4
   e - Iskenderun's Mystic Blast      Conjuration                  4
   f - Iskenderun's Battlesphere      Conjuration/Charms           5
Comestibles
 e - 3 bread rations
 j - a meat ration


   Skills:
 + Level 2.9 Fighting
 * Level 3.3 Short Blades
 + Level 3.0 Armour
 + Level 2.7 Shields


You had 3 spell levels left.
You didn't know any spells.

Dungeon Overview and Level Annotations

Branches:
Dungeon (3/15)

Altars:
Elyvilon
Makhleb
Okawaru
Trog
Xom
Yredelemnul


Message History

* * * LOW HITPOINT WARNING * * *
You feel sick. You block the adder's attack.
Your chain mail prevents you from hitting the adder.
The adder is severely wounded.
The adder bites you but does no damage. x2
Your shield and chain mail prevent you from hitting the adder.
The adder is severely wounded.
You block the adder's attack.
You closely miss the adder.
The adder is severely wounded.
You block the adder's attack. The adder barely misses you.
You closely miss the adder.
The adder is severely wounded.
You feel sick.
You are no longer poisoned.
The adder bites you but does no damage.
You closely miss the adder.
The adder is severely wounded.
The adder bites you but does no damage. The adder bites you.
You die...

###..#.......).#..........
...............)..........
.............###..#....##.
.##.....###.....<.........
.##.....# #.####..#..<.......
.##.....###.####............# .#
.....................#......##.#
................S..............
.......####.####@.#...........>
.##.#..# #.# #..#...#.....###
....#..####.####..............#
..............................#
.................รท..#.#.....#.#
.......#.##.#####..##....#..#.#
............#####...........#.#
###......##..............)..#.#
######.#.##.#.###.....##.#.##.#


You could see an adder.

Vanquished Creatures
  A crimson imp (D:3)
  3 worms (D:2)
  6 orcs (D:3)
  A ball python (D:3)
  A bat (D:1)
  A giant cockroach (D:3)
  6 hobgoblins
  8 kobolds
  4 giant geckos
  A giant newt (D:3)
  8 goblins
  9 rats
49 creatures vanquished.

Notes
Turn   | Place    | Note
--------------------------------------------------------------
     0 | D:1      | DEFE the Deep Elf Fighter began the quest for the Orb.
     0 | D:1      | Reached XP level 1. HP: 13/13 MP: 3/3
   162 | D:1      | Reached XP level 2. HP: 16/18 MP: 4/4
   905 | D:2      | Reached XP level 3. HP: 22/22 MP: 5/5
  1192 | D:2      | Found a white marble altar of Elyvilon.
  1265 | D:2      | Found a basalt altar of Yredelemnul.
  1664 | D:3      | Found an iron altar of Okawaru.
  1782 | D:3      | Found a bloodstained altar of Trog.
  1860 | D:3      | Found a shimmering altar of Xom.
  1861 | D:3      | Paralysed by a crimson imp for 7 turns
  1875 | D:3      | Paralysed by a crimson imp for 3 turns
  1877 | D:3      | HP: 1/22 [poisoned by a crimson imp]
  1885 | D:3      | Reached skill level 3 in Short Blades
  1885 | D:3      | Reached XP level 4. HP: 12/27 MP: 6/6
  1886 | D:3      | Found a burning altar of Makhleb.
  2606 | D:3      | Slain by an adder

Action                   |  1- 3 |  4- 6 || total
-------------------------+-------+-------++-------
Melee: Rapier            |   126 |    96 ||   222
  Use: Potion            |     3 |       ||     3
 Stab: Invisible         |     4 |       ||     4
  Eat: Chunk             |     2 |     3 ||     5
